 Dungeon Crawl Stone Soup version 0.18-a0-1628-g61c6396 (webtiles) character file.

182107 M4edhros the Peltast (level 17, -5/116 HPs)
             Began as an Octopode Fighter on Mar 25, 2016.
             Was the Champion of Ru.
             Killed from afar by Nikola (38 damage)
             ... with a chain lightning
             ... on level 2 of the Shoals.
             The game lasted 01:38:52 (29228 turns).

M4edhros the Peltast (Octopode Fighter)            Turns: 29228, Time: 01:38:53

Health: -5/116     AC:  6    Str: 23    XL:     17   Next: 96%
Magic:  29/29      EV: 28    Int: 10    God:    Ru [******]
Gold:   2443       SH: 23    Dex: 22    Spells: 0 memorised, 16 levels left

rFire  . . .     SeeInvis +     H - +7 spear of Omnuv {vamp, +Rage rN+ Str+3 Dex+4}
rCold  . . .     Gourm    .     u - +5 shield {rPois}
rNeg   + + .     Faith    .     U - +2 hat
rPois  +         Spirit   .     G - +3 amulet of reflection
rElec  .         Dismiss  .     n - ring of protection from magic
rCorr  .         Reflect  +     C - +4 ring of slaying
SustAt +         Harm     .     r - +4 ring of slaying
MR     ++...     Clarity  +     D - ring of positive energy
Stlth  ..........               E - ring of sustain attributes
                                L - ring of magical power
                                x - ring of see invisible
                                (no ring)

@: no potions, very resistant to hostile enchantments, extremely unstealthy
A: almost no armour, amphibious, 8 rings, constrict 8, thin metallic scales 1,
camouflage 1, blurry vision 1, clarity, deterioration 1, low mp 1, shaggy fur 1,
strong 2, gelatinous body 1, inability to drink while threatened, no stealth,
hated by all, no hexes magic, no poison magic, no translocations magic,
unskilled 1, missing an eye
a: Draw Out Power, Power Leap, Apocalypse, Renounce Religion, Evoke Berserk Rage
}: 1/15 runes: gossamer


You were on level 2 of the Shoals.
You worshipped Ru.
Ru was exalted by your worship.
You were not hungry.

You visited 5 branches of the dungeon, and saw 31 of its levels.

You collected 2949 gold pieces.
You spent 360 gold pieces at shops.

Inventory:

Hand Weapons
 y - the +2 hunting sling of the Warrior {freeze, Int+4 Dex+2}
   (You found it on level 4 of the Dungeon)

   It causes projectiles fired from it to freeze those they strike, causing
   extra injury to most foes and up to half again as much damage against
   particularly susceptible opponents.
   They can also slow down cold-blooded creatures.
   It affects your intelligence (+4).
   It affects your dexterity (+2).
 H - the +7 spear of Omnuv (weapon) {vamp, +Rage rN+ Str+3 Dex+4}
   (You found it on level 7 of the Lair of Beasts)

   It inflicts no extra harm, but heals its wielder somewhat when it strikes a
   living foe.
   It affects your strength (+3).
   It affects your dexterity (+4).
   It protects you from negative energy.
   It lets you go berserk.
 O - a +1 greatsling of flaming
Missiles
 h - 830 stones (quivered)
 v - 172 sling bullets
 R - 15 curare-tipped needles
Armour
 u - a +5 shield of poison resistance (worn)
 U - a +2 hat (worn)
Jewellery
 n - a ring of protection from magic (left tentacle)
 r - a +4 ring of slaying (on tentacle)
 x - a ring of see invisible (on tentacle)
 C - a +4 ring of slaying (right tentacle)
 D - a ring of positive energy (on tentacle)
 E - a ring of sustain attributes (on tentacle)
 G - a +3 amulet of reflection (around mantle)
 I - an uncursed ring of ice
 L - a ring of magical power (on tentacle)
 Q - an uncursed amulet of guardian spirit
Wands
 b - a wand of iceblast (6/15)
 c - a wand of confusion (27/48)
 s - a wand of digging (8/24)
 t - a wand of teleportation (5/9)
 z - a wand of iceblast (7/15)
 J - a wand of paralysis (4/24)
 N - a wand of lightning (11/15)
 V - a wand of digging (12/24)
 X - a wand of flame (21/48)
 Z - a wand of acid (6/15)
Scrolls
 a - 7 scrolls of teleportation
 e - a scroll of blinking
 g - 5 scrolls of magic mapping
 i - a scroll of fear
 A - 4 scrolls of fog
 P - a scroll of recharging
Potions
 f - 4 potions of magic
 j - a potion of haste
 m - a potion of resistance
 p - a potion of agility
 w - 2 potions of invisibility
 B - a potion of ambrosia
 K - 9 potions of curing
 M - 5 potions of heal wounds
 W - a potion of brilliance
Books
 F - Orchin's Almanac of Execration
   (You found it on level 14 of the Dungeon)

   Spells                             Type                      Level
   a - Confusing Touch                Hexes                        2
   b - Confuse                        Hexes                        3
   c - Spectral Weapon                Hexes/Charms                 3
   d - Yara's Violent Unravelling     Hexes/Transmutation          5
   e - Invisibility                   Hexes                        6
 S - a book of Conjurations

   Spells                             Type                      Level
   a - Magic Dart                     Conjuration                  1
   b - Searing Ray                    Conjuration                  2
   c - Dazzling Spray                 Conjuration/Hexes            3
   d - Fulminant Prism                Conjuration/Hexes            4
   e - Iskenderun's Mystic Blast      Conjuration                  4
   f - Iskenderun's Battlesphere      Conjuration/Charms           5
Miscellaneous
 k - a legendary deck of defence {drawn: 3}
 q - a phial of floods
 T - a stone of tremors
Comestibles
 d - 22 bread rations
 l - 3 beef jerkies
 o - 13 meat rations
 Y - 9 fruits


   Skills:
 + Level 10.3 Fighting
 - Level 11.9 Polearms
 - Level 8.0 Slings
 - Level 15.8 Dodging
 - Level 15.9 Shields
 - Level 8.3 Evocations


You had 16 spell levels left.
You didn't know any spells.

Dungeon Overview and Level Annotations

Branches:
Dungeon (15/15)            Temple (0/1) D:6            Lair (8/8) D:11
 Shoals (2/4) Lair:5       Spider (4/4) Lair:3        Slime (0/6) Lair:8
    Orc (2/2) D:10            Elf (0/3) Orc:2        Vaults (0/5) D:13
 Depths (0/5) D:15

Altars:
Ashenzari
Fedhas
Kikubaaqudgha
Makhleb
Okawaru
Pakellas
Ru
Sif Muna
Trog
Vehumet
Xom
Zin
The Shining One
Beogh

Shops:
D:5 (   Orc:2 }*(??   Shoals:2 }

Portals:
Trove: D:12 (give wand of heal wounds (9))

Annotations:
Lair:6 exclusion: 3 oklob plants
Lair:8 1 runed door
Shoals:2 Nikola


Innate Abilities, Weirdness & Mutations

You cannot wear most types of armour.
You are amphibious.
You can wear up to eight rings at the same time.
You can use your tentacles to constrict eight enemies at once.
Your skin changes colour to match your surroundings (Stealth).
Your rubbery body absorbs attacks (AC +1).
You cannot drink potions while threatened.
You cannot be stealthy.
You are hated by all.
You cannot study or cast Hexes magic.
You cannot study or cast Poison magic.
You cannot study or cast Translocations magic.
You are somewhat unskilled (-1 Apt).
You are missing an eye, making it more difficult to aim.
You are partially covered in thin metallic scales (AC +2).
Scrolls take you a little longer to read.
You possess an exceptional clarity of mind.
Your body sometimes deteriorates upon taking damage.
Your magical capacity is low (-10% MP).
You are covered in fur (AC +1).
Your muscles are very strong. (Str +4)


Message History

You kill the merfolk!
You hear a splash. x2
Evoke which item? (* to show all) (? for menu, Esc to quit)
Zapping:
J - a wand of paralysis (4/24)
Press: ? - help, Shift-Dir - straight line, f - Nikola
Aim: Nikola, wielding a rapier of electrocution, wearing a glowing cloak and wearing a pair of gloves (chance to defeat MR: 1%)
Okay, then.
You don't know any spells.
Okay, then.
Nikola casts a spell.
You hear a mighty clap of thunder!
The lightning arc hits you!
The lightning arc hits the plant.
The lightning arc hits you!
You feel threatened and lose the ability to drink potions!
* * * LOW HITPOINT WARNING * * *
Your body deteriorates!
You feel clumsy for a moment.
The lightning arc hits the plant.
The plant is destroyed!
The lightning arc hits you!
You die...

.≈≈≈≈≈≈≈≈≈# ........
..≈≈≈≈≈≈≈≈≈≈# .##.......
...≈≈≈≈≈≈≈≈≈#
.........##...≈≈≈≈≈≈≈≈≈#
..............≈≈≈≈≈≈≈≈≈#
≈>...........≈≈≈≈≈≈≈≈≈≈#
...........≈≈≈≈P≈≈≈≈≈≈≈#
.........)≈P≈P≈≈≈≈≈≈≈≈≈#
.......@..)≈P≈≈≈≈P≈≈≈≈≈#
..........≈≈≈≈≈≈≈≈≈≈≈≈≈#
.........(≈P≈P≈≈≈≈≈≈≈≈≈#
≈≈≈@...≈≈≈≈≈≈P≈≈≈≈≈≈≈≈≈#
≈≈≈≈≈∩≈≈≈≈≈≈≈≈≈†≈≈≈≈≈≈≈#
≈≈≈≈≈≈≈≈≈≈≈P≈≈≈≈≈≈≈≈≈≈≈#
≈≈≈≈≈≈≈≈≈≈≈≈P≈≈≈≈≈≈≈≈≈≈#
≈≈≈≈≈≈≈≈≈≈≈≈≈≈≈≈≈≈≈≈≈≈≈#
≈≈≈≈≈≈≈≈≈≈≈≈≈≈≈≈≈≈≈≈≈≈#


You could see Nikola.

Vanquished Creatures
  An orc warlord (D:10)
  4 ghost moths
  2 emperor scorpions (Spider:4)
  A stone giant (D:14)
  A war gargoyle (D:14)
  Azrael (Orc:2)
  Nessos (D:13)
  The ghost of Galewind the Devastator, a journeyman DECj of Vehumet (Lair:7)
  3 spark wasps
  Snorg (Orc:2)
  2 ettins
  2 merfolk impalers (Shoals:1)
  2 fire dragons
  2 merfolk javelineers (Shoals:1)
  3 ogre magi
  A yaktaur captain (D:14)
  The ghost of Gorice the Brawler, a journeyman TrTm of the Shining One (D:10)
  3 entropy weavers
  2 catoblepae
  9 hydras
  3 centaur warriors
  A tengu warrior (D:15)
  7 death yaks
  A merfolk avatar (Shoals:1)
  2 merfolk aquamancers (Shoals:2)
  3 orc high priests (Orc:2)
  4 skeletal warriors
  3 sea snakes (Shoals:1)
  A hell knight (D:15)
  An unseen horror (D:14)
  A lindwurm (Lair:8)
  13 orb spiders
  2 wizards (D:14)
  2 deep elf magi (D:14)
  9 hill giants
  5 orc knights
  The ghost of Ijustatesigmund the Covert, a novice SpAs of Vehumet (D:8)
  2 wolf spider zombies
  5 orc sorcerers (Orc:2)
  24 wolf spiders
  3 manticores
  A faun (Shoals:2)
  4 griffons
  2 oklob plants (Lair:6)
  5 ugly things (D:14)
  6 cyclopes
  3 hornets (Spider:4)
  A moth of wrath (Spider:1)
  3 black mambas
  2 elephants (Lair:7)
  2 water nymphs (Shoals:1)
  2 sirens
  Maurice (D:8)
  6 torpor snails
  3 gargoyles
  Joseph (D:8)
  11 spiny frogs
  11 demonic crawlers
  9 komodo dragons
  A freezing wraith (D:14)
  8 rime drakes
  4 kobold demonologists
  A yaktaur (D:14)
  A tengu conjurer (D:15)
  8 merfolk
  2 wind drakes (Shoals:2)
  A troll (Orc:1)
  7 two-headed ogres
  3 giant leeches (Lair:8)
  32 jumping spiders
  8 slime creatures
  Prince Ribbit (D:9)
  19 blink frogs
  4 snapping turtles
  68 redbacks
  A shadow (D:13)
  A spriggan (D:10)
  13 tarantellas
  3 wraiths
  6 wyverns
  8 water elementals
  A hill giant zombie (D:10)
  Sigmund (D:3)
  Grum (D:8)
  48 yaks
  2 steam dragons (Lair:8)
  10 basilisks
  6 hippogriffs
  5 hungry ghosts
  7 vampire mosquitoes (D:15)
  A warg (Orc:2)
  9 water moccasins
  6 hell hounds (Orc:2)
  2 swamp drakes (Lair:8)
  6 porcupines
  2 black bears
  17 ogres
  19 orc warriors
  5 phantoms
  An eye of draining (D:15)
  5 wasps
  4 sky beasts
  23 wolves
  12 centaurs
  13 crocodiles
  3 big kobolds
  22 giant frogs
  6 scorpions
  2 troll zombies (D:10)
  4 wights (D:11)
  27 killer bees
  A howler monkey (D:5)
  9 crimson imps
  A giant frog zombie (D:5)
  5 centaur zombies
  9 hounds
  A quasit (D:13)
  5 jellies
  5 giant frog skeletons
  17 orc priests
  A gnoll shaman (D:4)
  18 orc wizards
  4 centaur skeletons
  9 iguanas
  6 hell rats (Lair:5)
  13 worker ants
  Terence (D:2)
  28 sheep
  3 ogre zombies (D:10)
  A hound zombie (D:5)
  A hound skeleton (D:6)
  13 gnolls
  12 adders
  69 river rats
  5 shadow imps
  4 oozes
  An adder skeleton (D:6)
  25 worms
  A dart slug (D:4)
  10 giant geckos
  48 orcs
  6 bats
  8 giant cockroaches
  8 goblins
  4 hobgoblins
  11 jackals
  6 quokkas
  3 ball pythons
  2 giant gecko skeletons
  6 giant newts
  A goblin skeleton (D:10)
  A goblin zombie (D:10)
  A hobgoblin skeleton (D:10)
  2 hobgoblin zombies (D:10)
  21 kobolds
  2 orc skeletons (D:10)
  12 orc zombies (D:10)
  12 rats
  5 fungi (Lair:8)
  25 plants
1141 creatures vanquished.

Vanquished Creatures (others)
  A deep elf high priest (D:14)
  A hydra (Lair:7)
  A centaur warrior (D:14)
  An unseen horror (D:14)
  A hill giant (D:10)
  A wolf spider (Spider:4)
  An elephant (Lair:7)
  A hornet (Spider:4)
  2 spiny frogs (Lair:8)
  A komodo dragon (Lair:7)
  A merfolk (Shoals:1)
  A troll (Orc:1)
  A jumping spider (Spider:2)
  A slime creature (D:15)
  A shadow (D:14)
  A tarantella (Spider:2)
  2 water elementals (Shoals:2)
  A yak (Lair:7)
  A vampire mosquito (D:15)
  A wolf (D:8)
  2 centaurs
  An ogre (D:15)
  An orc wizard (Orc:2)
  An iguana (Lair:8)
  2 sheep (D:11)
  2 orcs
  25 fungi
  11 plants
67 creatures vanquished.

Grand Total: 1208 creatures vanquished

Notes
Turn   | Place    | Note
--------------------------------------------------------------
     0 | D:1      | M4edhros the Octopode Fighter began the quest for the Orb.
     0 | D:1      | Reached XP level 1. HP: 16/16 MP: 1/1
    68 | D:1      | Reached XP level 2. HP: 21/21 MP: 2/2
   382 | D:1      | Reached XP level 3. HP: 26/26 MP: 3/3
   696 | D:2      | Found an oddly glowing altar of Pakellas.
   699 | D:2      | Found a blossoming altar of Fedhas.
   705 | D:2      | Found a sacrificial altar of Ru.
   785 | D:2      | Became a worshipper of Ru the Awakened
   859 | D:2      | Noticed Terence
   868 | D:2      | Killed Terence
   868 | D:2      | Reached XP level 4. HP: 9/31 MP: 4/4
  1278 | D:2      | Found a faded altar to an unknown god.
  1564 | D:3      | Noticed Sigmund
  1573 | D:3      | Killed Sigmund
  1573 | D:3      | Reached skill level 5 in Dodging
  1573 | D:3      | Reached skill level 5 in Shields
  1573 | D:3      | Reached XP level 5. HP: 26/36 MP: 5/5
  1573 | D:3      | Reached XP level 6. HP: 30/42 MP: 6/6
  1703 | D:3      | Found a bloodstained altar of Trog.
  2027 | D:3      | Gained mutation: You cannot drink potions while threatened. [Ru sacrifice]
  2027 | D:3      | Reached * piety under Ru
  2044 | D:3      | Found an iron altar of Okawaru.
  2157 | D:4      | Noticed a phantom
  2181 | D:4      | Killed a phantom
  2274 | D:4      | Reached XP level 7. HP: 46/46 MP: 7/7
  2574 | D:4      | Got an ichor-stained hunting sling
  2575 | D:4      | Identified the +2 hunting sling of the Warrior {freeze, Int+4 Dex+2} (You found it on level 4 of the Dungeon)
  2631 | D:4      | Reached skill level 1 in Slings
  2729 | D:4      | Found a glowing golden altar of the Shining One.
  2868 | D:4      | Found a bloodstained altar of Trog.
  3353 | D:5      | Entered Level 5 of the Dungeon
  3696 | D:5      | Reached XP level 8. HP: 46/52 MP: 8/8
  3923 | D:5      | Gained mutation: You cannot be stealthy. [Ru sacrifice]
  3923 | D:5      | Reached ** piety under Ru
  4216 | D:5      | Found Kisi's Weapon Boutique.
  4470 | D:6      | Found an oddly glowing altar of Pakellas.
  4673 | D:6      | Found a glowing silver altar of Zin.
  4939 | D:6      | Found a staircase to the Ecumenical Temple.
  5093 | D:6      | Reached skill level 5 in Slings
  5135 | D:7      | Reached XP level 9. HP: 32/56 MP: 9/9
  5748 | D:7      | Found a shattered altar of Ashenzari.
  6229 | D:7      | Found a deep blue altar of Sif Muna.
  6284 | D:8      | Noticed Ijustatesigmund's ghost (novice SpAs)
  7031 | D:8      | Gained mutation: You are hated by all. [Ru sacrifice]
  7031 | D:8      | Reached *** piety under Ru
  7040 | D:8      | Noticed Grum
  7084 | D:8      | Killed Grum
  7089 | D:8      | Noticed Maurice
  7442 | D:7      | Reached XP level 10. HP: 39/63 MP: 10/10
  7590 | D:8      | Killed Ijustatesigmund's ghost
  7623 | D:8      | Noticed Joseph
  7664 | D:8      | Killed Joseph
  7716 | D:8      | Killed Maurice
  8234 | D:9      | Noticed Prince Ribbit
  8251 | D:9      | Killed Prince Ribbit
  8402 | D:9      | Found an ancient bone altar of Kikubaaqudgha.
  8605 | D:9      | Gained mutation: You are missing an eye, making it more difficult to aim. [Ru sacrifice]
  8605 | D:9      | Reached **** piety under Ru
  8953 | D:9      | Found a shimmering altar of Xom.
  8982 | D:9      | Reached XP level 11. HP: 69/69 MP: 11/11
  9043 | D:9      | Found a burning altar of Makhleb.
  9044 | D:9      | Found a radiant altar of Vehumet.
  9196 | D:10     | Entered Level 10 of the Dungeon
  9224 | D:10     | Noticed Gorice's ghost (journeyman TrTm)
  9637 | D:10     | Reached skill level 5 in Polearms
  9704 | D:10     | Killed Gorice's ghost
  9841 | D:10     | Noticed an orc warlord
  9845 | D:10     | Noticed a hill giant
  9863 | D:10     | Reached skill level 10 in Shields
  9875 | D:10     | Killed an orc warlord
  9875 | D:10     | Reached skill level 5 in Fighting
  9884 | D:10     | Killed a hill giant
  9923 | D:10     | Found a staircase to the Orcish Mines.
  9971 | D:10     | Reached skill level 10 in Dodging
 10168 | D:10     | Noticed a hill giant
 10175 | D:10     | Killed a hill giant
 10211 | D:10     | Gained mutation: Scrolls take you a little longer to read. [mutagenic meat]
 10212 | D:10     | Gained mutation: Your body sometimes deteriorates upon taking damage. [mutagenic meat]
 10213 | D:10     | Gained mutation: You are partially covered in icy blue scales (AC +1). [mutagenic meat]
 10214 | D:10     | Gained mutation: You are covered in fur (AC +1). [mutagenic meat]
 10215 | D:10     | Gained mutation: Your spells are a little easier to cast, but a little less powerful. [mutagenic meat]
 10435 | D:11     | Noticed a hill giant
 10441 | D:11     | Killed a hill giant
 10483 | D:11     | Noticed a cyclops
 10495 | D:11     | Killed a cyclops
 10627 | D:11     | Gained mutation: You are covered in thick fur (AC +2). [mutagenic meat]
 10628 | D:11     | Lost mutation: Scrolls take you a little longer to read. [mutagenic meat]
 10629 | D:11     | Lost mutation: Your spells are a little easier to cast, but a little less powerful. [mutagenic meat]
 10630 | D:11     | Gained mutation: You are somewhat resistant to further mutation. [mutagenic meat]
 10681 | D:11     | Found a staircase to the Lair.
 10832 | D:11     | Noticed a hill giant
 10837 | D:11     | Killed a hill giant
 10837 | D:11     | Reached XP level 12. HP: 79/79 MP: 6/12
 11147 | D:12     | Found a portal to a secret trove of treasure.
 11453 | D:12     | Found a burning altar of Makhleb.
 11786 | Lair:1   | Entered Level 1 of the Lair of Beasts
 11946 | Lair:1   | Noticed a five-headed hydra
 12062 | Lair:2   | Noticed a seven-headed hydra
 12151 | Lair:1   | Gained mutation: Scrolls take you a little longer to read. [potion of mutation]
 12377 | Lair:1   | Noticed a six-headed hydra
 12385 | Lair:1   | Killed a six-headed hydra
 12751 | Lair:2   | Noticed a catoblepas
 13412 | Lair:2   | Gained mutation: You are somewhat unskilled (-1 Apt). [Ru sacrifice]
 13412 | Lair:2   | Reduced skill Shields to level 10
 13412 | Lair:2   | Reached ***** piety under Ru
 13423 | Lair:2   | Killed a catoblepas
 13447 | Lair:2   | Reached skill level 10 in Dodging
 13636 | Lair:2   | Killed a seven-headed hydra
 14693 | Lair:3   | Reached XP level 13. HP: 86/86 MP: 13/13
 14970 | Lair:3   | Found a hole to the Spider Nest.
 16354 | Lair:5   | Reached skill level 10 in Polearms
 16526 | Lair:5   | Found a staircase to the Shoals.
 18021 | Lair:7   | Reached XP level 14. HP: 67/95 MP: 14/14
 18324 | Lair:7   | Noticed Galewind's ghost (journeyman DECj)
 18327 | Lair:7   | Gained mutation: You cannot study or cast Poison magic. [Ru sacrifice]
 18327 | Lair:7   | Gained mutation: You cannot study or cast Hexes magic. [Ru sacrifice]
 18327 | Lair:7   | Gained mutation: You cannot study or cast Translocations magic. [Ru sacrifice]
 18327 | Lair:7   | Reached ****** piety under Ru
 18332 | Lair:7   | Killed Galewind's ghost
 18783 | Lair:8   | Entered Level 8 of the Lair of Beasts
 18783 | Lair:8   | Found a staircase to the Slime Pits.
 19687 | Lair:7   | Got a fine spear
 19695 | Lair:7   | Identified the +7 spear of Omnuv {vamp, +Rage rN+ Str+3 Dex+4} (You found it on level 7 of the Lair of Beasts)
 19728 | Lair:8   | Reached skill level 1 in Evocations
 19999 | Lair:8   | Found a runed door.
 20166 | Lair:8   | Lost mutation: You are somewhat resistant to further mutation. [potion of cure mutation]
 20166 | Lair:8   | Lost mutation: You are covered in thick fur (AC +2). [potion of cure mutation]
 20166 | Lair:8   | Lost mutation: Scrolls take you a little longer to read. [potion of cure mutation]
 20512 | Orc:1    | Entered Level 1 of the Orcish Mines
 20742 | Orc:2    | Entered Level 2 of the Orcish Mines
 20757 | Orc:2    | Noticed Snorg
 20772 | Orc:2    | Killed Snorg
 20794 | Orc:2    | Noticed Azrael
 20820 | Orc:2    | Found Xaqiud's Weapon Boutique.
 20837 | Orc:2    | Reached skill level 5 in Evocations
 20888 | Orc:2    | Killed Azrael
 20888 | Orc:2    | Reached XP level 15. HP: 94/100 MP: 18/18
 20909 | Orc:2    | Found a staircase to the Elven Halls.
 20974 | Orc:2    | Found Vodokh's Magic Scroll Boutique.
 21113 | Orc:2    | Found Moshap's Magic Scroll Emporium.
 21117 | Orc:2    | Found Luxim's General Store.
 21119 | Orc:2    | Found Wuyw's Gadget Boutique.
 21594 | Orc:1    | Found a roughly hewn altar of Beogh.
 21896 | Orc:2    | Bought an uncursed amulet of guardian spirit for 360 gold pieces
 22238 | D:13     | Noticed Nessos
 22250 | D:13     | Killed Nessos
 22680 | D:13     | Found a gate to the Vaults.
 23580 | D:14     | Gained mutation: You are resistant to hostile enchantments. [mutagenic meat]
 23581 | D:14     | Gained mutation: You are partially covered in thin metallic scales (AC +2). [mutagenic meat]
 23583 | D:14     | Lost mutation: You are resistant to hostile enchantments. [mutagenic meat]
 23589 | D:14     | Gained mutation: You possess an exceptional clarity of mind. [mutagenic meat]
 23590 | D:14     | Lost mutation: Your body sometimes deteriorates upon taking damage. [mutagenic meat]
 23596 | D:14     | Gained mutation: Your muscles are strong. (Str +2) [mutagenic meat]
 23597 | D:14     | Lost mutation: You are partially covered in icy blue scales (AC +1). [mutagenic meat]
 23923 | D:14     | Reached XP level 16. HP: 80/106 MP: 9/22
 24064 | D:14     | Identified Orchin's Almanac of Execration
 24159 | D:14     | You fall through a shaft!
 24159 | D:15     | Entered Level 15 of the Dungeon
 24675 | D:15     | Found a staircase to the Depths.
 24984 | D:14     | Identified a scroll of acquirement
 25260 | Spider:1 | Entered Level 1 of the Spider Nest
 27035 | Spider:3 | Noticed Mara
 27042 | Spider:3 | Noticed M4edhros's illusion
 27053 | Spider:4 | Entered Level 4 of the Spider Nest
 27099 | Spider:4 | Reached skill level 15 in Shields
 27099 | Spider:4 | Reached XP level 17. HP: 94/111 MP: 23/23
 27197 | Spider:4 | Reached skill level 15 in Dodging
 28066 | Spider:4 | Gained mutation: Your body sometimes deteriorates upon taking damage. [mutagenic meat]
 28067 | Spider:4 | Gained mutation: Your magical capacity is low (-10% MP). [mutagenic meat]
 28072 | Spider:4 | Gained mutation: Your muscles are very strong. (Str +4) [mutagenic meat]
 28074 | Spider:4 | Gained mutation: Scrolls take you a little longer to read. [mutagenic meat]
 28084 | Spider:4 | Got a gossamer rune of Zot
 28367 | Shoals:1 | Entered Level 1 of the Shoals
 29023 | Shoals:2 | Reached skill level 10 in Fighting
 29176 | Shoals:2 | Found Ysipeh's Gadget Shop.
 29221 | Shoals:2 | Noticed Nikola
 29228 | Shoals:2 | Killed from afar by Nikola

Vault maps used:
D:1:      grunt_arrival_lava_bath
D:2:      grunt_temple_overflow_diamond, ecumenical_altar_2,
          minmay_misc_feat_pillars, nrook_uturn, corexii_corridor_pit,
          uniq_terence
D:3:      kennysheep_okawaru_gauntlet, trog_butcher_becter, uniq_sigmund
D:4:      kennysheep_six_static_rooms, lightli_temple_of_fire,
          old_standard_altar
D:5:      serial_shops, nicolae_shop_statue_plus, first_bread
D:6:      kennysheep_mini, minmay_temple_entry_junction, basic_altar,
          serial_glass, glass_columns_a, glass_columns_a, feat_on_display,
          due_unseen_surprise
D:7:      ashenzari_altar_1, marbit_many_paths
D:8:      uniq_joseph, uniq_maurice, uniq_grum
D:9:      grunt_temple_overflow_lords_of_destruction, kiku_gazebo_garden_becter,
          nicolae_overflow_crystal_walls, uniq_prince_ribbit1
D:10:     zombieorc1_lemuel, the_bakery
D:11:     lair_0_dummy
D:12:     enter_trove_2, lemuel_tele_altar
D:13:     hangedman_vaults_entry_quadrant_bands, uniq_nessos
D:14:     cheibrodos_leafed_vault
D:15:     hangedman_depths_entry_civil_slaughter, minmay_curled_crystal
Lair:1:   st_stairs_8
Lair:2:   wad_woods_structure_01
Lair:3:   spider_nest_entry_web_field, kennysheep_basilisk_garden
Lair:4:   minmay_lair_drake_nest
Lair:5:   minmay_shoals_entry_lonely_mermaid, minivault_23
Lair:6:   serial_forest, infiniplex_forest_lined_room_2,
          infiniplex_forest_lined_2, infiniplex_forest_zigzag_2,
          infiniplex_forest_clump_C, infiniplex_forest_lined_corner,
          infiniplex_forest_clump_double, infiniplex_forest_corner_2,
          infiniplex_forest_straight_2, infiniplex_forest_straight_3,
          dpeg_oklob_1, serial_bayou_shore_a
Lair:8:   wormcave, guppyfry_lair_end_dragon, nicolae_slime_entry_slimehenge,
          pond
Shoals:2: serial_shops, shop, uniq_nikola
Spider:1: guppyfry_spider_mini_1
Spider:2: nicolae_spider_cling_ruins
Spider:3: uniq_mara
Spider:4: spider_rune_water
Orc:1:    nicolae_orc_accident_2
Orc:2:    st_orc_elflike, serial_shops, nicolae_shop_behind_doors,
          nicolae_orc_tapped_out, uniq_snorg, uniq_azrael

Skill      XL: |  1  2  3  4  5  6  7  8  9 10 11 12 13 14 15 16 17 |
---------------+----------------------------------------------------+-----
Dodging        | 4 5 6 7 8 9 10 10 11 12 13 14 15 | 15.8
Shields        | 4 5 6 7 8 9 10 10 11 12 13 15 | 15.9
Slings         | 2 5 8 |  8.0
Polearms       | 4 7 9 10 11 | 11.9
Fighting       | 4 6 7 8 10 | 10.3
Evocations     | 5 8 |  8.3

Action                   |  1- 3 |  4- 6 |  7- 9 | 10-12 | 13-15 | 16-18 || total
-------------------------+-------+-------+-------+-------+-------+-------++-------
Melee: Trident           |    62 |       |     3 |   817 |   731 |       ||  1613
       Whip              |    12 |    71 |   264 |    74 |       |       ||   421
       Spear             |       |       |       |       |  1024 |  1224 ||  2248
 Fire: Hunting sling     |       |       |   108 |    99 |    69 |       ||   276
       Greatsling        |       |       |       |       |       |    15 ||    15
Invok: Sacrifice Drink   |       |     1 |       |       |       |       ||     1
       Sacrifice Stealth |       |       |     1 |       |       |       ||     1
       Draw Out Power    |       |       |     2 |    20 |    18 |     3 ||    43
       Sacrifice Love    |       |       |     1 |       |       |       ||     1
       Power Leap        |       |       |       |    18 |    16 |    10 ||    44
       Sacrifice an Eye  |       |       |       |     1 |       |       ||     1
       Sacrifice Skill   |       |       |       |     1 |       |       ||     1
       Reject Sacrifices |       |       |       |     1 |       |       ||     1
       Apocalypse        |       |       |       |       |     3 |     3 ||     6
       Sacrifice Arcana  |       |       |       |       |     1 |       ||     1
 Abil: Evoke Berserk Rag |       |       |       |       |     1 |     1 ||     2
Evoke: Wand              |       |       |     4 |     4 |     7 |       ||    15
       Stone of tremors  |       |       |       |     1 |       |       ||     1
       Deck              |       |       |       |       |     3 |       ||     3
       Phial of floods   |       |       |       |       |     1 |       ||     1
  Use: Potion            |     2 |       |     4 |     7 |     4 |       ||    17
       Scroll            |       |       |    13 |     4 |     8 |    17 ||    42
 Stab: Sleeping          |     4 |     5 |     5 |       |       |       ||    14
       Paralysed         |       |       |       |     3 |    27 |     5 ||    35
       Distracted        |       |       |       |     2 |     9 |    10 ||    21
       Petrifying        |       |       |       |     2 |       |       ||     2
       Invisible         |       |       |       |     1 |    28 |    14 ||    43
       Petrified         |       |       |       |       |       |     1 ||     1
  Eat: Chunk             |       |     4 |    13 |    27 |    38 |     8 ||    90
       Meat ration       |       |       |     1 |     2 |     1 |     4 ||     8
       Beef jerky        |       |       |     1 |       |       |     1 ||     2
       Royal jelly       |       |       |       |       |     2 |       ||     2
